[ AOE2 MATCH · #495282643 ]
UnrankedGoths vs Japanese
Player's team · LOSS
Rival team · WIN
[ REPLAY ANALYSIS · EXTRACTED FROM THE RECORDED GAME ]
Feudal
10:19
Castle
26:22
Imperial
—
| APM avg | 46.7 |
| APM peak | 83 |
| eAPM avg | 25.1 |
| Villagers / military | 174 / 106 |
Focus
⚔️ 24.8% · 🌾 75.2%
Knight ×32 · Militia ×23 · Skirmisher ×22 · Scorpion ×14 · Huskarl ×10 · Archer ×3
Feudal
9:06
Castle
24:22
Imperial
44:36
| APM avg | 34.8 |
| APM peak | 53 |
| eAPM avg | 20.2 |
| Villagers / military | 151 / 198 |
Focus
⚔️ 34.7% · 🌾 65.3%
Samurai ×107 · Archer ×43 · Battering Ram ×24 · Militia ×18 · Knight ×5 · Monk ×1
Match map
Initial resources + every placement click. Lines = walls · curves = elevation contours. ◆ gold · ⬟ stone · ● berries · ✦ relic · ◌ wall gap
Your base· Open — 11t gap
1920343014's base· Open — 8t gap
Smoothed initial terrain · ◌ = detected wall gap · hover for details
Inputs per minute
— BilbooDEMON - - 1920343014
Build order — BilbooDEMON
First 150 of 427 actions detected
| 0:03 | Build | Town Center |
| 1:03 | Queue | Villager (Male) |
| 1:04 | Queue | Villager (Male) |
| 1:04 | Queue | Villager (Male) |
| 1:04 | Queue | Villager (Male) |
| 1:04 | Queue | Villager (Male) |
| 1:44 | Queue | Villager (Male) |
| 1:44 | Queue | Villager (Male) |
| 1:48 | Build | Lumber Camp |
| 2:15 | Queue | Villager (Male) |
| 2:15 | Queue | Villager (Male) |
| 2:47 | Research | Loom |
| 2:50 | Queue | Villager (Male) |
| 2:50 | Queue | Villager (Male) |
| 2:50 | Queue | Villager (Male) |
| 3:23 | Queue | Villager (Male) |
| 3:23 | Queue | Villager (Male) |
| 4:14 | Queue | Villager (Male) |
| 4:14 | Queue | Villager (Male) |
| 4:14 | Queue | Villager (Male) |
| 4:35 | Build | House |
| 5:17 | Build | Mill |
| 5:22 | Queue | Villager (Male) |
| 5:22 | Queue | Villager (Male) |
| 5:23 | Queue | Villager (Male) |
| 5:23 | Queue | Villager (Male) |
| 5:24 | Queue | Villager (Male) |
| 6:06 | Queue | Villager (Male) |
| 6:06 | Queue | Villager (Male) |
| 7:36 | Build | Farm |
| 7:54 | Build | Farm |
| 7:56 | Build | Farm |
| 8:07 | Research | Feudal Age |
| 8:08 | Research | Feudal Age |
| 8:17 | Build | Barracks |
| 8:54 | Build | House |
| 9:07 | Queue | Villager (Male) |
| 9:07 | Queue | Villager (Male) |
| 9:49 | Build | House |
| 9:53 | Queue | Militia |
| 9:53 | Queue | Militia |
| 9:53 | Queue | Militia |
| 10:19 | Age | Feudal Age |
| 10:30 | Queue | Villager (Male) |
| 10:33 | Queue | Militia |
| 10:36 | Research | Man-at-Arms (upgrade) |
| 10:40 | Build | Archery Range |
| 10:44 | Queue | Villager (Male) |
| 10:53 | Queue | Villager (Male) |
| 11:13 | Queue | Villager (Male) |
| 11:14 | Queue | Villager (Male) |
| 11:21 | Build | Lumber Camp |
| 11:33 | Queue | Archer |
| 11:33 | Queue | Archer |
| 11:36 | Queue | Skirmisher |
| 11:40 | Queue | Militia |
| 11:41 | Queue | Militia |
| 11:44 | Build | House |
| 12:01 | Queue | Villager (Male) |
| 12:02 | Queue | Villager (Male) |
| 12:12 | Queue | Villager (Male) |
| 12:19 | Build | House |
| 12:40 | Queue | Militia |
| 12:40 | Queue | Militia |
| 13:21 | Build | House |
| 13:22 | Queue | Villager (Male) |
| 13:22 | Queue | Villager (Male) |
| 13:37 | Build | Blacksmith |
| 13:54 | Build | Farm |
| 13:59 | Queue | Villager (Male) |
| 13:59 | Queue | Villager (Male) |
| 14:14 | Queue | Villager (Male) |
| 14:33 | Build | Palisade Wall |
| 14:39 | Queue | Militia |
| 14:39 | Queue | Militia |
| 15:01 | Build | Lumber Camp |
| 15:12 | Queue | Villager (Male) |
| 15:13 | Queue | Villager (Male) |
| 15:28 | Queue | Villager (Male) |
| 15:28 | Queue | Villager (Male) |
| 15:32 | Build | House |
| 15:43 | Queue | Militia |
| 15:43 | Queue | Militia |
| 15:51 | Queue | Skirmisher |
| 15:51 | Queue | Skirmisher |
| 16:05 | Queue | Militia |
| 16:12 | Build | House |
| 16:17 | Research | Fletching |
| 16:19 | Queue | Villager (Male) |
| 16:29 | Queue | Skirmisher |
| 16:39 | Build | Palisade Wall |
| 16:43 | Build | Palisade Gate |
| 17:03 | Build | Palisade Wall |
| 17:27 | Queue | Skirmisher |
| 17:28 | Queue | Skirmisher |
| 17:45 | Queue | Villager (Male) |
| 17:52 | Queue | Villager (Male) |
| 17:52 | Queue | Villager (Male) |
| 17:53 | Queue | Skirmisher |
| 17:54 | Queue | Skirmisher |
| 18:03 | Build | House |
| 18:09 | Queue | Villager (Male) |
| 18:23 | Queue | Villager (Male) |
| 18:34 | Build | Farm |
| 18:35 | Build | Farm |
| 18:36 | Build | Farm |
| 19:05 | Queue | Militia |
| 19:05 | Queue | Militia |
| 19:09 | Build | Market |
| 19:15 | Queue | Villager (Male) |
| 19:39 | Queue | Skirmisher |
| 19:40 | Queue | Villager (Male) |
| 19:44 | Build | Farm |
| 19:47 | Build | Farm |
| 20:31 | Queue | Skirmisher |
| 20:32 | Queue | Skirmisher |
| 20:33 | Queue | Militia |
| 20:33 | Queue | Militia |
| 20:35 | Queue | Villager (Male) |
| 20:35 | Queue | Villager (Male) |
| 20:38 | Build | House |
| 20:47 | Build | House |
| 20:48 | Build | House |
| 20:53 | Queue | Villager (Male) |
| 20:58 | Build | Farm |
| 21:00 | Build | Farm |
| 21:06 | Build | Farm |
| 21:13 | Queue | Militia |
| 21:13 | Queue | Militia |
| 21:25 | Queue | Skirmisher |
| 21:27 | Queue | Villager (Male) |
| 21:28 | Queue | Villager (Male) |
| 21:38 | Research | Scale Mail Armor |
| 21:48 | Queue | Skirmisher |
| 22:19 | Queue | Villager (Male) |
| 22:19 | Queue | Villager (Male) |
| 22:36 | Queue | Skirmisher |
| 22:36 | Queue | Skirmisher |
| 22:38 | Queue | Archer |
| 22:40 | Queue | Militia |
| 22:40 | Queue | Militia |
| 23:13 | Build | House |
| 23:15 | Build | House |
| 23:17 | Queue | Villager (Male) |
| 23:17 | Queue | Villager (Male) |
| 23:25 | Build | Mining Camp |
| 23:34 | Research | Castle Age |
| 23:40 | Build | Farm |
| 23:53 | Research | Horse Collar |
| 23:53 | Research | Horse Collar |
Build order — 1920343014
First 150 of 449 actions detected
| 0:04 | Build | Town Center |
| 1:06 | Queue | Villager (Male) |
| 1:06 | Queue | Villager (Male) |
| 1:07 | Queue | Villager (Male) |
| 1:08 | Queue | Villager (Male) |
| 1:47 | Queue | Villager (Male) |
| 2:15 | Queue | Villager (Male) |
| 2:25 | Queue | Villager (Male) |
| 3:09 | Queue | Villager (Male) |
| 3:21 | Queue | Villager (Male) |
| 3:25 | Queue | Villager (Male) |
| 3:40 | Build | Lumber Camp |
| 4:36 | Build | House |
| 4:46 | Queue | Villager (Male) |
| 5:11 | Queue | Villager (Male) |
| 5:21 | Queue | Villager (Male) |
| 5:41 | Queue | Villager (Male) |
| 5:57 | Build | Barracks |
| 6:17 | Build | House |
| 6:43 | Research | Feudal Age |
| 7:10 | Build | Mining Camp |
| 7:13 | Queue | Militia |
| 7:14 | Queue | Militia |
| 7:37 | Queue | Militia |
| 7:54 | Queue | Militia |
| 8:45 | Queue | Villager (Male) |
| 9:06 | Age | Feudal Age |
| 9:07 | Research | Man-at-Arms (upgrade) |
| 9:07 | Research | Man-at-Arms (upgrade) |
| 9:10 | Research | Double-Bit Axe |
| 9:11 | Research | Loom |
| 9:15 | Queue | Villager (Male) |
| 9:23 | Queue | Villager (Male) |
| 9:32 | Build | Mill |
| 9:43 | Build | Mill |
| 9:51 | Queue | Villager (Male) |
| 9:52 | Research | Arson |
| 9:58 | Research | Wheelbarrow |
| 10:01 | Build | House |
| 10:02 | Build | House |
| 10:28 | Queue | Villager (Male) |
| 10:36 | Queue | Villager (Male) |
| 10:45 | Queue | Militia |
| 10:45 | Queue | Militia |
| 10:58 | Queue | Villager (Male) |
| 11:03 | Build | House |
| 11:04 | Build | House |
| 11:07 | Queue | Villager (Male) |
| 11:12 | Build | Blacksmith |
| 11:34 | Queue | Villager (Male) |
| 11:59 | Queue | Villager (Male) |
| 12:03 | Research | Scale Mail Armor |
| 12:05 | Queue | Villager (Male) |
| 12:24 | Build | House |
| 12:26 | Queue | Villager (Male) |
| 12:44 | Build | Archery Range |
| 13:00 | Queue | Villager (Male) |
| 13:01 | Queue | Villager (Male) |
| 13:09 | Queue | Militia |
| 13:09 | Queue | Militia |
| 13:21 | Queue | Militia |
| 13:33 | Queue | Villager (Male) |
| 13:39 | Build | House |
| 13:41 | Queue | Archer |
| 13:51 | Build | House |
| 14:02 | Queue | Militia |
| 14:11 | Build | House |
| 14:13 | Queue | Archer |
| 14:29 | Build | House |
| 14:30 | Queue | Villager (Male) |
| 14:30 | Queue | Villager (Male) |
| 14:36 | Build | Mill |
| 15:00 | Queue | Villager (Male) |
| 15:03 | Build | House |
| 15:05 | Build | House |
| 15:12 | Research | Fletching |
| 15:14 | Queue | Archer |
| 15:21 | Queue | Villager (Male) |
| 15:32 | Build | Mining Camp |
| 15:39 | Research | Padded Archer Armor |
| 15:39 | Research | Padded Archer Armor |
| 15:40 | Queue | Villager (Male) |
| 16:15 | Build | Mill |
| 16:19 | Build | Mining Camp |
| 16:22 | Queue | Archer |
| 16:22 | Queue | Villager (Male) |
| 16:41 | Queue | Archer |
| 17:02 | Queue | Villager (Male) |
| 17:02 | Queue | Villager (Male) |
| 17:39 | Queue | Militia |
| 17:40 | Queue | Militia |
| 17:52 | Build | Market |
| 18:00 | Queue | Villager (Male) |
| 18:01 | Queue | Villager (Male) |
| 18:12 | Queue | Archer |
| 18:33 | Queue | Villager (Male) |
| 18:33 | Queue | Villager (Male) |
| 18:40 | Queue | Villager (Male) |
| 19:08 | Queue | Archer |
| 19:09 | Queue | Villager (Male) |
| 19:14 | Queue | Militia |
| 19:16 | Build | Archery Range |
| 19:23 | Build | Archery Range |
| 19:57 | Queue | Militia |
| 19:57 | Queue | Militia |
| 20:20 | Queue | Militia |
| 20:24 | Queue | Villager (Male) |
| 20:24 | Queue | Villager (Male) |
| 20:25 | Queue | Villager (Male) |
| 20:30 | Build | Farm |
| 20:30 | Build | Farm |
| 20:31 | Build | Farm |
| 20:36 | Research | Horse Collar |
| 20:39 | Queue | Villager (Male) |
| 20:59 | Queue | Archer |
| 21:14 | Queue | Militia |
| 21:17 | Queue | Villager (Male) |
| 21:22 | Build | Mill |
| 21:25 | Queue | Militia |
| 21:28 | Queue | Villager (Male) |
| 21:37 | Research | Castle Age |
| 21:48 | Queue | Archer |
| 21:54 | Build | Farm |
| 21:55 | Queue | Villager (Male) |
| 21:59 | Build | Lumber Camp |
| 22:41 | Build | Farm |
| 22:43 | Build | Farm |
| 22:44 | Build | Farm |
| 23:07 | Queue | Archer |
| 23:07 | Queue | Archer |
| 23:07 | Queue | Archer |
| 23:07 | Queue | Archer |
| 23:11 | Build | Farm |
| 23:12 | Build | Farm |
| 23:13 | Build | Farm |
| 23:15 | Queue | Villager (Male) |
| 23:18 | Queue | Archer |
| 23:26 | Queue | Archer |
| 23:48 | Queue | Archer |
| 23:55 | Build | Archery Range |
| 24:22 | Age | Castle Age |
| 24:24 | Research | Bow Saw |
| 24:27 | Research | Bodkin Arrow |
| 24:28 | Research | Crossbowman (upgrade) |
| 24:29 | Queue | Villager (Male) |
| 24:31 | Queue | Archer ×5 |
| 24:39 | Queue | Villager (Male) |
| 24:48 | Queue | Archer |
| 24:50 | Queue | Archer |
| 24:56 | Build | House |
Match timeline
| 5:57 | 1920343014 · first_building Barracks |
| 8:17 | BilbooDEMON · first_building Barracks |
| 9:06 | 1920343014 · age_up feudal |
| 10:19 | BilbooDEMON · age_up feudal |
| 10:40 | BilbooDEMON · first_building Archery Range |
| 12:44 | 1920343014 · first_building Archery Range |
| 14:33 | BilbooDEMON · wall_segment Palisade Wall x1 |
| 16:39 | BilbooDEMON · wall_segment Palisade Wall x8 |
| 17:03 | BilbooDEMON · wall_segment Palisade Wall x9 |
| 21:31 | 1920343014 · first_market_buy 500 food |
| 21:31 | BilbooDEMON · first_market_buy 100 food |
| 23:28 | BilbooDEMON · first_market_sell 500 wood |
| 24:22 | 1920343014 · age_up castle |
| 25:01 | 1920343014 · wall_segment Stone Wall x1 |
| 25:24 | BilbooDEMON · first_building Stable |
| 26:22 | BilbooDEMON · age_up castle |
| 27:45 | 1920343014 · first_building Siege Workshop |
| 29:15 | BilbooDEMON · first_building Castle |
| 29:34 | BilbooDEMON · wall_segment Palisade Wall x1 |
| 30:38 | BilbooDEMON · first_building Siege Workshop |
| 32:08 | 1920343014 · first_building Stable |
| 35:31 | 1920343014 · first_building Castle |
| 38:51 | 1920343014 · first_building Monastery |
| 41:24 | 1920343014 · first_market_sell 100 wood |
| 44:36 | 1920343014 · age_up imperial |
| 47:52 | BilbooDEMON · resign |
[ AI ANALYSIS · 1 CREDIT ]
What really happened in this match?
Wolo.gg analyzes every decision: build order, eco, micro, common mistakes by bracket. Personalized analysis on WhatsApp or Discord in 30 seconds.
Civ guide
Goths
Perfil
Jugador #618457